 Dungeon Crawl Stone Soup version 0.28.0 (webtiles) character file.

Game seed: 11112170235087228582

73 Ayyar the Skirmisher (level 4, -1/43 HPs)
             Began as a Gargoyle Fighter on Feb 18, 2022.
             Killed from afar by an orc wizard (4 damage)
             ... with a magic dart
             ... on level 3 of the Dungeon.
             The game lasted 00:04:26 (2092 turns).

Ayyar the Skirmisher (Gargoyle Fighter)             Turns: 2092, Time: 00:04:27

Health: -1/43      AC: 11    Str: 21    XL:     4   Next: 27%
Magic:  4/4        EV:  9    Int:  9    God:
Gold:   81         SH:  4    Dex:  9    Spells: 3/3 levels left

rFire   . . .      SeeInvis .   a - +0 flail
rCold   . . .      Faith    .   c - +0 buckler
rNeg    + . .      Spirit   .   b - +0 scale mail
rPois   ∞          Reflect  .   (no helmet)
rElec   +          Harm     .   g - +0 cloak
rCorr   .          Rampage  .   (no gloves)
Will    .....                   (no boots)
Stlth   ..........              (no amulet)
HPRegen 0.14/turn               (no ring)
MPRegen 0.09/turn               (no ring)

@: berserking (expiring), very quick
A: sickness immunity, AC +3, negative energy resistance 1, electricity
resistance, torment resistance 1, petrification resistance
a: no special abilities


You were on level 3 of the Dungeon.
You visited 1 branch of the dungeon, and saw 3 of its levels.

You collected 81 gold pieces.

Inventory:

Hand Weapons
 a - a +0 flail (weapon)
Armour
 b - a +0 scale mail (worn)
 c - a +0 buckler (worn)
 g - a +0 cloak (worn)
Wands
 n - a wand of flame (5)
Scrolls
 f - a scroll of fear {unknown}
 h - 2 scrolls of vulnerability {unknown}
 i - a scroll of fog {unknown}
 j - a scroll of blinking {unknown}
 k - a scroll of enchant weapon {unknown}
 l - a scroll of teleportation {unknown}
 m - a scroll of identify {unknown}
Potions
 d - 2 potions of might


   Skills:
 + Level 3.8 Fighting
 * Level 3.1 Maces & Flails
 + Level 3.8 Armour
 + Level 3.8 Shields


You had 3 spell levels left.
You didn't know any spells.
Your spell library was empty.

Dungeon Overview and Level Annotations

Branches:
Dungeon (3/15)

Altars:

Shops:
D:2 *


Innate Abilities, Weirdness & Mutations

You are immune to sickness and miasma.
Your stone body is resilient. (AC +3)
You are immune to poison.
You resist negative energy. (rN+)
You are resistant to electric shocks. (rElec)
You are resistant to unholy torment.
You are immune to petrification.


Message History

You hear some strange, mumbled words.
A puff of flame appears from out of thin air!
The puff of flame hits you!
You bump into the rock wall.
You hear some strange, mumbled words.
A magic dart appears from out of thin air!
The magic dart hits you.
* * * LOW HITPOINT WARNING * * *
You bump into the rock wall.
You hear some strange, mumbled words.
A magic dart appears from out of thin air!
The magic dart hits you.
* * * LOW HITPOINT WARNING * * *
You bump into the rock wall.
Something hits you but does no damage.
You completely miss something. Something hits you.
* * * LOW HITPOINT WARNING * * *
You miss something. Something hits you.
* * * LOW HITPOINT WARNING * * *
It was a potion of berserk rage.
A red film seems to cover your vision as you go berserk!
You feel yourself moving faster!
You feel mighty! Something hits you but does no damage.
You bump into the rock wall.
You feel a strong urge to attack something.
You hear some strange, mumbled words.
A magic dart appears from out of thin air!
The magic dart hits you but does no damage.
You closely miss something.
You're too confused to move!
You feel less confused. Something hits you but does no damage.
You closely miss something. Something hits you but does no damage.
You closely miss something. You block something's attack.
You barely miss something. Something hits you but does no damage.
You closely miss something. Something hits you but does no damage.
You miss something.
You hear some strange, mumbled words.
A magic dart appears from out of thin air!
The magic dart hits you.
You die...

### ..# ##.## ... ..
#.# #.# #@# #.# #{# #.#
. #o# #.# ###
....####o#####.# #..
....oo.!.......####
###.#
.##.......^.......#
#....
#.#####.###...#.###....
# #.# #.......).... #.#
###.#.###....


You could see 2 orcs.

Vanquished Creatures
  Jessica (D:3)
  2 dart slugs
  An orc (D:3)
  5 endoplasms
  A giant cockroach (D:3)
  5 goblins
  A hobgoblin (D:2)
  3 jackals (D:1)
  2 quokkas
  4 ball pythons (D:2)
  6 bats
  3 frilled lizards
  3 kobolds
  2 rats
39 creatures vanquished.

Notes
Turn   | Place    | Note
-------+----------+-------------------------------------------
     0 | D:1      | Ayyar the Gargoyle Fighter began the quest for the Orb.
     0 | D:1      | Reached XP level 1. HP: 14/14 MP: 1/1
   272 | D:1      | Reached XP level 2. HP: 19/19 MP: 2/2
   939 | D:2      | Reached XP level 3. HP: 23/23 MP: 3/3
  1074 | D:2      | Found a faded altar of an unknown god.
  1255 | D:2      | Found Mavof's General Store.
  1893 | D:3      | Noticed Jessica
  1902 | D:3      | Killed Jessica
  1903 | D:3      | Reached XP level 4. HP: 16/29 MP: 4/4
  2082 | D:3      | HP: 1/29 [something (2)]
  2092 | D:3      | Killed from afar by an orc wizard

Illustrated notes

Levels and vault maps discovered:
D:1:      eino_arrival_cavern_a, layout_loops_cross, minmay_split_cup_small
D:2:      layout_loops_corners, ebering_ecumenical_altar_box, serial_shops, shop
D:3:      layout_loops_ring, uniq_robin, uniq_jessica, uniq_grinder

Skill      XL: |  1  2  3 |
---------------+----------+-----
Maces & Flails | 3 |  3.1
Fighting       | |  3.8
Armour         | |  3.8
Shields        | |  3.8

Action                   |  1- 3 |  4- 6 || total
-------------------------+-------+-------++-------
Melee: Flail             |   104 |    26 ||   130
  Use: Potion            |       |     1 ||     1
Armor: Scale mail        |    60 |    15 ||    75
Dodge: Dodged            |    54 |    10 ||    64
Block: Buckler           |    23 |     4 ||    27
